 Dungeon Crawl Stone Soup version 0.32-a0-450-g080537f31e (webtiles) character file.

Game seed: 13246890925397635524

108 horus123 the Chopper (level 4, -6/38 HPs)
             Began as a Mountain Dwarf Fighter on Feb 23, 2024.
             Mangled by Ijyb
             ... wielding a +0 club
              (8 damage)
             ... on level 3 of the Dungeon.
             The game lasted 00:02:39 (1653 turns).

horus123 the Chopper (Mountain Dwarf Fighter)       Turns: 1653, Time: 00:02:39

Health: -6/38      AC:  0    Str: 21    XL:     4   Next: 58%
Magic:  4/4        EV: 13    Int:  8    God:
Gold:   114        SH:  0    Dex:  9    Spells: 3/3 levels left

rFire   . . .        a - melded +0 war axe
rCold   . . .        c - melded +0 buckler
rNeg    . . .        j - melded +1 robe of Lesser Demons {Str+2}
rPois   .            i - melded +0 hat
rElec   .            (cloak currently unavailable)
rCorr   .            (gloves currently unavailable)
SInv    .            (boots currently unavailable)
Will    .....        (no amulet)
Stlth   +            (ring currently unavailable)
HPRegen 0.26/turn    (ring currently unavailable)
MPRegen 0.09/turn

%: no passive effects
@: pig-form (expiring), very quick
A: fast, no casting, small, runic magic, artefact enchanting
a: no special abilities


You were on level 3 of the Dungeon.
You were a filthy swine.
You visited 1 branch of the dungeon, and saw 3 of its levels.

You collected 114 gold pieces.

Inventory:

Hand Weapons
 a - a +0 war axe (melded)
Armour
 c - a +0 buckler (melded)
 g - a +0 chain mail
 i - a +0 hat (melded)
 j - the +1 robe of Lesser Demons (melded) {Str+2}
   (You found it on level 2 of the Dungeon)

   Str+2:     It affects your strength (+2).
Scrolls
 e - a scroll of identify {unknown}
 f - 3 scrolls of teleportation {unknown}
 h - a scroll of noise {unknown}
Potions
 b - a potion of resistance {unknown}
 d - 3 potions of might


   Skills:
 - Level 3.2 Fighting
 + Level 5.9 Axes
 - Level 3.2 Armour
 - Level 3.2 Shields


You had 3 spell levels left.
You didn't know any spells.
Your spell library contained the following spells:

 Spells                   Type           Power      Damage    Failure   Level
 Ensorcelled Hibernation  Hex/Ice        0%         N/A       54%         2
 Passwall                 Erth           0%         N/A       78%         3
 Swiftness                Air            0%         N/A       78%         3
 Tukima's Dance           Hex            0%         N/A       78%         3
 Dimensional Bullseye     Hex/Tloc       0%         N/A       99%         4
 Iskenderun's Mystic Bla  Conj/Tloc      0%         2d3       99%         4


Dungeon Overview and Level Annotations

Branches:
Dungeon (3/15)

Altars:

Annotations:
D:3 Ijyb


Innate Abilities, Weirdness & Mutations

You are a filthy swine.
You move quickly.
Your equipment is almost entirely melded.
You are incapable of wielding weapons or throwing items.
You cannot cast spells.
Your spellcasting is much less encumbered by armour.
You can use scrolls of enchantment on lesser artefacts.


Message History

Ijyb is heavily wounded.
Ijyb hits you with a +0 club.
You barely miss Ijyb.
Ijyb is heavily wounded.
Ijyb barely misses you.
Unknown command.
Unknown command.
You hit Ijyb but do no damage.
Ijyb is heavily wounded.
Ijyb hits you with a +0 club.
You closely miss Ijyb.
Ijyb is heavily wounded.
Ijyb screams, "Don't stand in way of progress!"
Ijyb hits you with a +0 club.
You hit Ijyb.
Ijyb is severely wounded.
You closely miss Ijyb.
Ijyb is severely wounded.
Ijyb hits you with a +0 club.
You closely miss Ijyb.
Ijyb is severely wounded.
Your transformation is almost over.
Ijyb misses you.
You barely miss Ijyb.
Ijyb is severely wounded.
Ijyb screams, "Me wand stronger than you!"
Ijyb closely misses you.
You completely miss Ijyb.
Ijyb is severely wounded.
Ijyb hits you with a +0 club.
* * * LOW HITPOINT WARNING * * *
You hit Ijyb but do no damage.
Ijyb is severely wounded.
Ijyb hits you with a +0 club!
* * * LOW HITPOINT WARNING * * *
You hit Ijyb.
Ijyb is severely wounded.
Ijyb hits you with a +0 club!
You die...
Ijyb moans, "Good help so hard to find!"

#..###†.#...#...#
###..##...#.>...... #
#......#..........#
##..#(#..#..#.#.#....#
..............#......#
#..####.##.#########.#
####.##.#####
#.....>.....#
#.##..gh.##.
.......#..)#
........##).......#
.....##.##....>....
!.... #.##..#ß..ß#.
... #.....##..## ..
#.##.## ### .. #.# #.#


You could see Ijyb.

Vanquished Creatures
  A bombardier beetle (D:3)
  2 adders (D:2)
  A ribbon worm (D:2)
  A dart slug (D:2)
  An orc (D:3)
  4 ball pythons (D:1)
  A bat (D:1)
  2 endoplasms (D:2)
  A giant cockroach (D:2)
  5 goblins
  10 hobgoblins
  A quokka (D:1)
  3 frilled lizards
  7 kobolds
  5 rats
45 creatures vanquished.

Notes
Turn   | Place    | Note
-------+----------+-------------------------------------------
     0 | D:1      | horus123 the Mountain Dwarf Fighter began the quest for the
                  | Orb.
     0 | D:1      | Reached XP level 1. HP: 19/19 MP: 1/1
     3 | D:1      | Found a faded altar of an unknown god.
    93 | D:1      | Reached skill level 3 in Axes
   101 | D:1      | Reached XP level 2. HP: 4/26 MP: 2/2
   615 | D:1      | Reached skill level 4 in Axes
   810 | D:2      | Reached XP level 3. HP: 27/31 MP: 3/3
  1076 | D:2      | Reached skill level 5 in Axes
  1313 | D:2      | Identified the +1 robe of Lesser Demons {Str+2}
  1525 | D:2      | Reached XP level 4. HP: 38/38 MP: 4/4
  1609 | D:3      | Noticed Ijyb
  1652 | D:3      | HP: 1/38 [Ijyb/+0 club (7)]
  1653 | D:3      | Mangled by Ijyb

Illustrated notes

Levels and vault maps discovered:
D:1:      tarquinn_simple_flora_water_c, layout_loops_ring,
          hellmonk_ecumenical_altar_pennies_from_heaven
D:2:      layout_loops_ring
D:3:      layout_loops_cross, st_stairs_6, uniq_ijyb

Skill      XL: |  1  2  3 |
---------------+----------+-----
Axes           | 3 4 5 |  5.9
Fighting       | |  3.2
Armour         | |  3.2
Shields        | |  3.2

Action                     |  1- 3 |  4- 6 || total
---------------------------+-------+-------++-------
  Melee: War axe           |   110 |    17 ||   127
         Unarmed           |       |    29 ||    29
   Stab: Confused          |       |     1 ||     1
 Armour: Scale mail        |    26 |       ||    26
         Chain mail        |    68 |       ||    68
         Robe              |     1 |     8 ||     9
         Skin              |       |    11 ||    11
  Dodge: Dodged            |    31 |    25 ||    56
  Block: Buckler           |    29 |     2 ||    31

Table legend: (Time is in decaauts)
 A = Elapsed time spent in this place.
 B = Non-inter-level travel time spent in this place.
 C = Inter-level travel time spent in this place.
 D = Time resting spent in this place.
 E = Time spent auto-exploring this place.
 F = Levels seen in this place.
 G = Mean time per level.
                   A        B        C        D        E       F      G
               +--------+--------+--------+--------+--------+-----+--------+
         Total |   1693 |   1657 |     36 |    187 |   1100 |   3 |  564.3 |
       Dungeon |   1693 |   1657 |     36 |    187 |   1100 |   3 |  564.3 |
               +--------+--------+--------+--------+--------+-----+--------+

Top non-repeatable levels by time:
     D:2: 819 daAuts
     D:1: 804 daAuts
     D:3: 69 daAuts
